Map: Shadowed Jungle

Players

fortheglory

  • Race: Terran Terran
  • League: Gold
  • Spawn Location: 5:00

Hollow

  • Race: Terran Terran
  • Spawn Location: 7:00

Musumeci - Winner!

  • Race: Zerg Zerg
  • League: Diamond
  • Spawn Location: 11:00

MichyMoko - Winner!

  • Race: Zerg Zerg
  • Spawn Location: 1:00

VOD

Have the link to the VOD?

Description

Time

  • Played on: Feb. 19, 2017, 10:41 a.m.
  • Length: 12:13
Show
View Real Time Build Order
Export as new Build Order

fortheglory Terran 

Build Orders: Reaper Expand, MMM Bio 

Get SALT Encoding   

  12  0:01  SCV  
  13  0:13  SCV  
  14  0:18  Supply Depot  
  14  0:25  SCV  
  15  0:40  SCV  
  15  0:41  Barracks  
  16  0:47  Refinery  
  16  0:52  SCV  
  17  1:04  SCV  
  18  1:16  SCV  
  19  1:31  Reaper  
  20  1:33  Orbital Command  
  20  1:44  Command Center  
  20  1:58  Barracks  
  20  2:00  SCV  
  21  2:03  Barracks Reactor  
  21  2:17  Refinery  
  21  2:23  Supply Depot  
  21  2:30  SCV  
  21  2:36  Factory  
  22  2:42  SCV  
  23  2:44  Marine x2  
  25  2:53  Barracks Tech Lab  
  25  2:56  SCV  
  26  3:07  Orbital Command  
  26  3:10  Marine x2  
  28  3:12  Stimpack, Marine  
  28  3:14  SCV  
  30  3:45  Marine x3  
  30  3:46  Factory Reactor  
  30  3:48  Starport  
  33  3:53  SCV  
  33  3:54  SCV  
  35  4:03  Marine x2  
  35  4:05  SCV  
  35  4:06  SCV  
  39  4:16  Engineering Bay  
  39  4:18  SCV  
  40  4:29  Hellion x2, Medivac  
  46  4:40  Supply Depot  
  46  4:41  Supply Depot  
  46  4:42  Terran Infantry Weapons Level 1  
  46  4:56  SCV  
  46  4:57  Marauder, SCV, Hellion x2  
  54  5:01  Marine x2  
  54  5:03  Armory  
  54  5:04  Supply Depot  
  56  5:15  Refinery  
  56  5:17  Supply Depot  
  56  5:19  Marine x2, Combat Shields  
  58  5:23  Hellion x2  
  62  5:30  SCV x2  
  62  5:32  Supply Depot  
  64  5:36  Medivac  
  64  5:38  Marine x2  
  64  5:41  Marauder  
  70  5:47  SCV x2  
  72  5:53  Hellion x2  
  72  5:56  Marine x2  
  78  6:02  Marauder  
  80  6:06  Medivac  
  82  6:22  Supply Depot  
  82  6:25  Hellion x2  
  86  6:41  Marauder, Marine x2  
  90  6:48  Concussive Shells  
  88  6:58  Marine  
  88  6:59  Marine  
  83  7:02  Marauder  
  68  7:16  Marine x2  
  70  7:24  Marauder  
  67  7:34  Marine x2  
  61  7:55  Barracks  
  61  7:56  Barracks  
  61  7:57  Command Center  
  61  7:59  Terran Infantry Weapons Level 2  
  61  8:05  Marine x2  
  63  8:13  SCV  
  63  8:14  SCV  
  63  8:16  Engineering Bay  
  67  8:20  Marauder  
  67  8:23  Marine x2  
  67  8:25  SCV  
  67  8:26  SCV  
  71  8:30  Missile Turret  
  71  8:33  Factory Tech Lab, Missile Turret  
  71  8:38  SCV  
  71  8:41  Marine x3  
  74  8:42  Supply Depot  
  74  8:45  Barracks Reactor x2, Missile Turret  
  75  8:58  Refinery  
  75  8:59  Marauder, Marine x2, Supply Depot  
  79  9:07  Command Center  
  79  9:08  Orbital Command  
  79  9:10  Barracks  
  79  9:15  Medivac x2  
  79  9:16  Marine x2  
  84  9:19  Terran Infantry Armor Level 1  
  84  9:20  Marauder  
  87  9:26  SCV x2  
  87  9:31  Marine x4  
  91  9:34  Marine x2  
  95  9:42  Marauder, Missile Turret  
  95  9:43  Orbital Command  
  95  9:45  Medivac x2  
  94  9:49  Marine x4  
  94  9:52  Marine x2  
  96  10:03  Marine  
  96  10:04  Barracks Tech Lab  
  96  10:07  Barracks, Marine x4  
  97  10:10  Marine x2  
  103  10:20  Marine  
  104  10:28  Marine x6  
  104  10:29  Marine  
  107  10:38  Marine  
  108  10:46  Marine x2  
  101  10:55  Marine x2  
  101  10:56  Marine x3  
  101  10:57  Marauder  
  102  11:03  Marine  
  102  11:04  Marine  
  104  11:07  Medivac x2  
  108  11:13  Marine x4  
  108  11:14  Marine  
  108  11:17  Marine  
  114  11:21  Marine x2  
  116  11:31  Marine x3  
  112  11:41  Marine x2  
  112  11:42  Marine  
Show
View Real Time Build Order
Export as new Build Order

Hollow Terran 

Build Orders:  

Get SALT Encoding   

  12  0:01  SCV  
  13  0:17  Supply Depot  
  13  0:19  SCV  
  14  0:31  SCV  
  15  0:41  Barracks  
  15  0:45  SCV  
  16  1:11  Command Center  
  16  1:21  Supply Depot  
  16  1:23  SCV  
  17  1:36  Barracks  
  17  1:39  SCV  
  18  1:50  Refinery  
  18  1:51  SCV  
  19  1:57  Marine  
  20  2:03  SCV  
  21  2:08  Refinery  
  21  2:15  SCV, Marine  
  23  2:26  SCV  
  23  2:28  SCV  
  25  2:33  Barracks Tech Lab  
  25  2:35  Marine  
  26  2:38  SCV  
  27  2:55  Stimpack, Marine  
  27  2:56  Marine  
  29  3:01  SCV x2  
  31  3:08  Factory  
  31  3:13  SCV, Marine  
  31  3:15  Marine  
  34  3:27  Engineering Bay  
  34  3:31  Marine  
  34  3:33  Marine  
  36  3:34  SCV  
  36  3:35  SCV  
  38  3:49  Marine  
  38  3:51  Marine  
  38  3:53  Factory Reactor  
  40  3:55  Starport  
  40  4:01  Supply Depot  
  40  4:02  Supply Depot  
  40  4:06  SCV x2  
  40  4:07  Marine  
  43  4:15  Marine  
  44  4:25  Marine  
  44  4:29  Armory  
  45  4:37  Orbital Command  
  45  4:40  Starport Reactor  
  45  4:42  Hellion  
  45  4:43  Hellion  
  49  4:48  SCV  
  49  4:52  Barracks Reactor  
  50  5:00  SCV  
  50  5:06  Missile Turret x2  
  51  5:09  Bunker  
  51  5:11  Sensor Tower  
  52  5:14  SCV  
  52  5:17  Orbital Command  
  52  5:22  Marauder  
  52  5:28  Medivac  
  56  5:39  Supply Depot  
  56  5:46  Marine  
  56  5:47  Marine x2  
  59  5:51  SCV x2  
  61  6:02  Medivac  
  61  6:03  Medivac  
  65  6:04  Marine  
  65  6:05  Marine  
  65  6:07  Hellion  
  65  6:10  SCV  
  70  6:25  Barracks  
  70  6:27  Barracks  
  70  7:20  SCV  
  70  7:23  Marine x3  
  70  7:25  Hellion, Medivac x2  
  69  7:31  Hellbat  
  63  7:41  Marine x3  
  66  7:45  Barracks Reactor  
  66  7:46  Barracks Reactor, Hellbat  
  66  7:51  Terran Infantry Weapons Level 1, Engineering Bay  
  68  7:56  Hellbat  
  70  8:16  Command Center  
  70  8:42  Terran Infantry Armor Level 1  
  70  9:15  Barracks  
  70  9:16  Barracks  
  70  9:18  Barracks  
  70  9:21  Supply Depot  
  70  9:22  Supply Depot  
  70  9:23  Supply Depot  
  70  9:24  Supply Depot  
  70  9:25  Supply Depot  
  70  9:27  Supply Depot  
  70  9:28  SCV x2, Marine x7, Medivac x2, Hellbat  
  70  9:30  Supply Depot  
  85  9:41  Liberator  
  85  9:42  Orbital Command, SCV x2, Hellbat  
  89  9:45  Marine x7  
  89  9:50  Hellbat  
  98  9:58  Medivac  
  103  10:03  Widow Mine, Marine x7  
  112  10:10  Widow Mine, Liberator  
  114  10:21  Marine x7  
  114  10:23  Liberator  
  124  10:32  Widow Mine  
  126  10:39  Widow Mine, Marine x7  
  138  10:53  Liberator  
  138  10:57  Marine x7  
  131  11:00  Widow Mine  
  140  11:07  Widow Mine  
  145  11:14  Marine x2  
  97  11:36  Marine  
  97  11:37  Marine x6  
  61  11:54  Marine  
  61  11:55  Marine x6  
Show
View Real Time Build Order
Export as new Build Order

Musumeci Zerg - Winner!

Build Orders: Hatch First 

Get SALT Encoding   

  12  0:01  Drone  
  13  0:08  Drone  
  14  0:15  Drone, Extractor  
  15  0:28  Extractor  
  15  0:41  Hatchery  
  14  0:48  Extractor  
  14  0:49  Drone  
  15  1:03  Spawning Pool  
  14  1:11  Drone, Extractor x2  
  14  1:15  Drone  
  16  1:20  Overlord  
  16  1:39  Drone  
  18  1:40  Drone  
  18  1:47  Drone  
  19  1:50  Queen  
  19  1:53  Queen  
  23  1:57  Drone  
  24  2:01  Drone  
  24  2:08  Overlord  
  25  2:11  Drone  
  26  2:16  Drone  
  26  2:20  Drone  
  28  2:30  Queen  
  28  2:33  Queen  
  32  2:38  Overlord  
  32  2:50  Drone x4  
  35  3:03  Drone  
  35  3:04  Drone x4  
  40  3:05  Overlord  
  40  3:10  Extractor  
  40  3:11  Extractor  
  38  3:17  Roach Warren  
  37  3:35  Drone  
  37  3:36  Drone x5  
  43  3:52  Hatchery  
  43  3:53  Overlord  
  42  3:57  Roach x3  
  42  4:00  Roach  
  50  4:05  Drone x2  
  52  4:31  Drone x8  
  56  4:32  Evolution Chamber x2  
  56  4:33  Lair  
  58  4:45  Spore Crawler  
  58  4:46  Spore Crawler  
  58  4:47  Drone  
  58  4:48  Drone  
  58  4:49  Spore Crawler  
  58  4:50  Drone  
  58  4:51  Drone, Spore Crawler  
  58  4:53  Drone, Spore Crawler  
  58  4:57  Zerg Missile Weapons Level 1  
  58  5:02  Zerg Ground Armor Level 1  
  58  5:09  Overlord  
  58  5:18  Extractor  
  57  5:24  Drone  
  57  5:25  Drone x2, Extractor  
  57  5:26  Drone  
  57  5:27  Roach x3  
  57  5:28  Overlord x2  
  66  5:31  Roach  
  68  5:36  Glial Reconstitution  
  68  5:54  Drone x11  
  68  5:57  Ravager x2  
  81  6:10  Ravager  
  81  6:11  Ravager  
  83  6:12  Roach  
  83  6:16  Overseer  
  85  6:28  Roach  
  85  6:29  Roach  
  87  6:57  Roach x2  
  87  6:59  Overlord x5  
  84  7:17  Roach x4  
  84  7:18  Roach  
  84  7:19  Roach x9  
  104  7:38  Extractor  
  104  7:40  Extractor  
  100  7:59  Roach x9  
  118  8:08  Drone  
  118  8:09  Drone x2  
  121  8:15  Drone  
  121  8:17  Overlord x2  
  121  8:18  Zerg Missile Weapons Level 2, Zerg Ground Armor Level 2  
  122  8:30  Extractor  
  122  8:31  Hatchery  
  120  8:34  Roach, Extractor  
  120  8:35  Roach x7  
  135  8:45  Overlord x3  
  135  8:59  Overlord x3  
  135  9:03  Ravager x8  
  135  9:04  Ravager x3  
  135  9:06  Overlord x2  
  135  9:07  Overlord x6  
  135  9:08  Overlord  
  146  9:13  Drone x2  
  146  9:15  Drone x2  
  150  9:22  Drone x5  
  155  9:26  Roach  
  159  9:38  Roach  
  159  9:39  Roach x8  
  175  9:56  Ravager x8  
  175  9:59  Roach x3  
  189  10:00  Roach  
  180  10:30  Roach  
  180  10:31  Roach x9  
  179  10:57  Roach x8  
  179  10:58  Roach x2  
  196  11:05  Ravager  
  196  11:06  Ravager x2  
  196  11:07  Ravager  
  200  11:15  Infestation Pit  
Show
View Real Time Build Order
Export as new Build Order

MichyMoko Zerg - Winner!

Build Orders: Hatch First 

Get SALT Encoding   

  12  0:01  Drone  
  13  0:12  Overlord  
  13  0:19  Drone  
  14  0:31  Drone x2  
  14  0:35  Drone  
  17  0:57  Hatchery  
  17  0:59  Drone  
  17  1:14  Spawning Pool  
  17  1:17  Drone  
  17  1:22  Extractor  
  17  1:23  Drone  
  17  1:24  Drone  
  18  1:37  Drone  
  19  1:46  Drone  
  20  1:52  Drone  
  21  2:02  Drone  
  22  2:08  Queen  
  22  2:09  Queen  
  22  2:13  Overlord  
  26  2:20  Drone  
  27  2:24  Metabolic Boost  
  27  2:26  Zergling x2  
  28  2:32  Zergling x2  
  28  2:36  Zergling x2  
  30  2:38  Drone  
  31  2:59  Queen  
  31  3:04  Drone  
  31  3:05  Overlord  
  34  3:06  Drone x2  
  34  3:08  Overlord  
  35  3:35  Queen  
  37  4:01  Zergling x2  
  37  4:02  Drone x2, Zergling x2  
  41  4:03  Drone  
  41  4:07  Roach Warren  
  41  4:08  Drone  
  41  4:09  Drone x3  
  45  4:13  Extractor  
  45  4:14  Drone  
  45  4:15  Drone  
  46  4:26  Zergling x4  
  48  4:37  Drone x4  
  52  4:39  Lair  
  52  4:40  Overlord x2  
  52  5:01  Roach x7  
  52  5:03  Drone x2  
  68  5:08  Hatchery  
  68  5:10  Evolution Chamber  
  68  5:12  Evolution Chamber  
  65  5:24  Extractor, Overlord  
  65  5:25  Overlord x2  
  65  5:26  Drone x2, Extractor  
  65  5:27  Drone  
  66  5:28  Drone  
  67  5:37  Zerg Missile Weapons Level 1  
  67  5:39  Zerg Ground Armor Level 1  
  67  5:40  Glial Reconstitution  
  67  5:42  Overseer  
  67  5:44  Drone x3  
  70  6:06  Hydralisk Den  
  69  6:32  Roach  
  68  6:33  Roach x12  
  90  6:46  Roach  
  95  6:47  Roach x3  
  97  7:06  Roach x2  
  97  7:15  Overlord x3  
  95  7:16  Overlord x3  
  79  7:33  Hydralisk  
  79  7:34  Hydralisk x6  
  89  7:49  Zerg Missile Weapons Level 2  
  89  7:51  Zerg Ground Armor Level 2  
  89  8:09  Overlord x2  
  89  8:10  Drone x4  
  89  8:11  Drone x3  
  96  8:32  Hydralisk  
  96  8:33  Hydralisk x8  
  114  8:47  Extractor  
  113  8:50  Extractor  
  113  8:53  Hatchery, Muscular Augments  
  111  8:58  Hydralisk  
  111  8:59  Hydralisk x2  
  117  9:03  Overseer  
  117  9:08  Queen  
  119  9:10  Drone x3  
  119  9:12  Drone  
  119  9:14  Drone x2  
  125  9:35  Hydralisk  
  125  9:36  Hydralisk x6  
  139  9:44  Hydralisk  
  139  9:45  Hydralisk x2  
  145  9:58  Hydralisk  
  145  9:59  Hydralisk x3  
  153  10:14  Infestation Pit  
  142  10:42  Hydralisk x4  
  144  10:43  Hydralisk x5  
  156  10:57  Hydralisk  
  156  10:58  Hydralisk  
  160  11:17  Overlord x4  
  160  11:21  Overlord x2  
  160  11:22  Overlord  
  140  11:48  Hydralisk x2  
  140  11:49  Hydralisk x10  
Tags
 
Add a new tag
Caveats
  • Supply blocks, unpowered buildings, or Contaminate may cause inaccurate times.
  • Supply counts are checked every 10 seconds.